 Dungeon Crawl Stone Soup version 0.27-a0-328-g7f782ed93a (webtiles) character file.

Game seed: 5438652250761565733

1609884 GEC the Halfling Catapult (level 27, 207/207 HPs)
             Began as a Halfling Hunter on Feb 10, 2021.
             Was a High Priest of Elyvilon.
             Escaped with the Orb
             ... and 3 runes on Feb 11, 2021!
             The game lasted 05:48:56 (83524 turns).

GEC the Halfling Catapult (Halfling Hunter)        Turns: 83524, Time: 05:48:56

Health: 207/207    AC: 37    Str: 40    XL:     27
Magic:  38/38      EV: 37    Int: 12    God:    Elyvilon [*****.]
Gold:   6131       SH: 16    Dex: 27    Spells: 25/26 levels left

rFire    + + .     SeeInvis +   a - +9 fustibalus (freeze)
rCold    + + .     Faith    .   P - +3 warlock's mirror {reflect}
rNeg     . . .     Spirit   .   n - +1 plate armour of the Blacksmith {+Fly Str+7}
rPois    .         Reflect  +   l - +2 helmet
rElec    +         Harm     .   z - +2 cloak {rCorr}
rCorr    +         Rampage  .   y - +2 pair of gloves {archery}
Will     ++...                  Z - +2 pair of boots {Stlth+}
Stlth    ..........             N - amulet of Sloth {RegenMP rF+ Str+3 Int+3 Stlth+}
HPRegen  0.44/turn              J - ring of Doubts {rC+ Str+6 Dex+4 SInv}
MPRegen  0.51/turn              U - ring "Noetwuac" {rElec rF+ rC+ Str+6}

@: studying 2 skills
A: small, see invisible, mutation resistance 1, wild magic 1
0: Orb of Zot
}: 3/15 runes: serpentine, barnacled, slimy
a: Renounce Religion, Evoke Flight, Lesser Healing, Heal Other, Purification,
Greater Healing, Divine Vigour, Divine Protection


You escaped.
You worshipped Elyvilon.
Elyvilon was extremely pleased with you.
You visited 11 branches of the dungeon, and saw 54 of its levels.
You visited the Abyss 2 times.
You visited 2 bazaars.
You also visited: Ice Cave and Volcano.

You collected 11671 gold pieces.
You spent 5540 gold pieces at shops.

Inventory:

Hand Weapons
 a - a +9 fustibalus of freezing (weapon)
 b - the +8 arc blade {discharge, rElec}
   (You took it off a deep elf annihilator on level 3 of the Elven Halls)

   It insulates you from electricity.
 e - the +6 hunting sling of Valiance {venom, +Fly rF+ Str+5 Dex-4}
   (You acquired it on level 3 of the Lair of Beasts)

   It poisons the ammo it fires.
   It affects your strength (+5).
   It affects your dexterity (-4).
   It protects you from fire.
   It lets you fly.
Missiles
 d - 80 sling bullets (quivered ammo)
 f - 567 stones
 C - 11 throwing nets
 E - 162 poisoned darts
 H - 12 curare-tipped darts
 K - 11 silver boomerangs
 O - 9 boomerangs of dispersal
Armour
 l - a +2 helmet (worn)
 n - the +1 plate armour of the Blacksmith (worn) {+Fly Str+7}
   (You bought it in a shop on level 4 of the Dungeon)

   It affects your strength (+7).
   It lets you fly.
 y - a +2 pair of gloves of archery (worn)
 z - a +2 cloak of preservation (worn)
 P - the +3 warlock's mirror (worn) {reflect}
   (You took it off a deep elf annihilator on level 3 of the Elven Halls)
 Z - a +2 pair of boots of stealth (worn)
Jewellery
 w - the ring "Gal Mecw" {+Blink rElec rPois Int-3}
   (You found it on level 5 of the Pits of Slime)

   [ring of poison resistance]

   It affects your intelligence (-3).
   It insulates you from electricity.
   It protects you from poison.
   It lets you blink.
 J - the ring of Doubts (left hand) {rC+ Str+6 Dex+4 SInv}
   (You found it on level 2 of the Abyss)

   [ring of strength]

   It affects your strength (+6).
   It affects your dexterity (+4).
   It protects you from cold.
   It lets you see invisible.
 N - the amulet of Sloth (around neck) {RegenMP rF+ Str+3 Int+3 Stlth+}
   (You found it on level 5 of the Pits of Slime)

   [amulet of magic regeneration]

   It increases your magic regeneration.
   It affects your strength (+3).
   It affects your intelligence (+3).
   It protects you from fire.
   It makes you more stealthy.
 U - the ring "Noetwuac" (right hand) {rElec rF+ rC+ Str+6}
   (You found it in an ice cave)

   [ring of strength]

   It affects your strength (+6).
   It protects you from fire.
   It protects you from cold.
   It insulates you from electricity.
Wands
 s - a wand of flame (117)
 A - a wand of acid (98)
 D - a wand of digging (10)
 L - a wand of iceblast (62)
 V - a wand of random effects (20)
 Y - a wand of polymorph (10)
Scrolls
 g - 4 scrolls of summoning
 j - 19 scrolls of teleportation
 k - 3 scrolls of amnesia
 m - 3 scrolls of silence
 q - 3 scrolls of identify
 u - 9 scrolls of fog
 v - 3 scrolls of magic mapping
 B - 2 scrolls of immolation
 G - a scroll of enchant weapon
 Q - 9 scrolls of blinking
 S - 6 scrolls of fear
 W - 5 scrolls of holy word
Potions
 c - 17 potions of heal wounds
 h - 5 potions of mutation
 i - 8 potions of might
 o - 26 potions of curing
 p - 11 potions of flight
 r - 7 potions of haste
 t - 8 potions of brilliance
 x - 6 potions of attraction
 F - 6 potions of magic
 I - 6 potions of lignification
 M - a potion of berserk rage
 R - 6 potions of cancellation
 T - 7 potions of ambrosia


   Skills:
 + Level 22.0 Fighting
 - Level 14.0 Short Blades
 O Level 27 Slings
 + Level 22.1 Armour
 + Level 21.3 Dodging
 - Level 1.1 Stealth
 + Level 21.1 Shields
 + Level 22.8 Invocations


You had 25 spell levels left.
You knew the following spells:

 Your Spells              Type           Power        Failure   Level
a - Apportation           Tloc           0%           73%         1

Your spell library contained the following spells:

 Spells                   Type           Power        Failure   Level
 Animate Skeleton         Necr           0%           73%         1
 Corona                   Hex            0%           73%         1
 Foxfire                  Conj/Fire      0%           73%         1
 Freeze                   Ice            0%           73%         1
 Magic Dart               Conj           0%           73%         1
 Pain                     Necr           0%           73%         1
 Sandblast                Erth           0%           73%         1
 Shock                    Conj/Air       0%           73%         1
 Sting                    Tmut/Pois      0%           73%         1
 Summon Small Mammal      Summ           0%           73%         1
 Blink                    Tloc           N/A          86%         2
 Call Imp                 Summ           0%           86%         2
 Poisonous Vapours        Pois/Air       0%           86%         2
 Searing Ray              Conj           0%           86%         2
 Slow                     Hex            0%           86%         2
 Swiftness                Air            0%           86%         2
 Call Canine Familiar     Summ           0%           97%         3
 Conjure Flame            Conj/Fire      0%           97%         3
 Frozen Ramparts          Ice            0%           97%         3
 Gell's Gravitas          Tloc           0%           97%         3
 Ignite Poison            Fire/Tmut/Pois 0%           97%         3
 Inner Flame              Hex/Fire       0%           97%         3
 Lesser Beckoning         Tloc           0%           97%         3
 Mephitic Cloud           Conj/Pois/Air  0%           97%         3
 Ozocubu's Armour         Ice            0%           97%         3
 Portal Projectile        Hex/Tloc       0%           97%         3
 Static Discharge         Conj/Air       0%           97%         3
 Stone Arrow              Conj/Erth      0%           97%         3
 Summon Guardian Golem    Hex/Summ       0%           97%         3
 Teleport Other           Tloc           0%           97%         3
 Tukima's Dance           Hex            0%           97%         3
 Vampiric Draining        Necr           0%           97%         3
 Airstrike                Air            0%           100%        4
 Animate Armour           Summ/Erth      0%           100%        4
 Animate Dead             Necr           0%           100%        4
 Cause Fear               Hex            0%           100%        4
 Hailstorm                Conj/Ice       0%           100%        4
 Ice Form                 Ice/Tmut       0%           100%        4
 Leda's Liquefaction      Hex/Erth       0%           100%        4
 Olgreb's Toxic Radiance  Pois           0%           100%        4
 Passage of Golubria      Tloc           N/A          100%        4
 Summon Ice Beast         Ice/Summ       0%           100%        4
 Summon Lightning Spire   Summ/Air       0%           100%        4
 Agony                    Necr           0%           100%        5
 Alistair's Intoxication  Tmut/Pois      0%           100%        5
 Bolt of Magma            Conj/Fire/Erth 0%           100%        5
 Borgnjor's Vile Clutch   Necr/Erth      0%           100%        5
 Irradiate                Conj/Tmut      0%           100%        5
 Iskenderun's Battlesphe  Conj           0%           100%        5
 Lightning Bolt           Conj/Air       0%           100%        5
 Metabolic Englaciation   Hex/Ice        0%           100%        5
 Summon Forest            Summ/Tloc      0%           100%        5
 Summon Mana Viper        Hex/Summ       0%           100%        5
 Death Channel            Necr           0%           100%        6
 Freezing Cloud           Conj/Ice/Air   0%           100%        6
 Invisibility             Hex            0%           100%        6
 Iron Shot                Conj/Erth      0%           100%        6
 Shadow Creatures         Summ           N/A          100%        6
 Simulacrum               Ice/Necr       0%           100%        6
 Starburst                Conj/Fire      0%           100%        6
 Statue Form              Tmut/Erth      0%           100%        6
 Orb of Destruction       Conj           0%           100%        7
 Ozocubu's Refrigeration  Ice            0%           100%        7
 Spellforged Servitor     Conj/Summ      0%           100%        7
 Summon Hydra             Summ           0%           100%        7
 Shatter                  Erth           0%           100%        9


Dungeon Overview and Level Annotations

Branches:
Dungeon (15/15)            Temple (1/1) D:6            Lair (6/6) D:8
 Shoals (4/4) Lair:4        Snake (4/4) Lair:2        Slime (5/5) Lair:6
    Orc (2/2) D:11            Elf (3/3) Orc:2        Vaults (4/5) D:13
  Crypt (0/3) Vaults:2     Depths (5/5) D:15            Zot (5/5) Depths:5
  IceCv (visited)         Volcano (visited)

Altars:
Ashenzari
Cheibriados
Dithmenos
Elyvilon
Fedhas
Gozag
Hepliaklqana
Kikubaaqudgha
Makhleb
Nemelex Xobeh
Okawaru
Qazlal
Ru
Sif Muna
Trog
Uskayaw
Vehumet
Wu Jian
Xom
Yredelemnul
Zin
The Shining One
Beogh
Jiyva
Lugonu

Shops:
D:4 [[!   D:9 [   Orc:2 (*[   Elf:3 :==   Shoals:3 ?   Snake:1 [   Vaults:1 (
Depths:3 [

Portals:
Hell: Depths:1 Depths:2 Depths:3 Depths:4 Depths:5
Abyss: Lair:1 Depths:1 Depths:4
Pandemonium: Depths:3 Depths:5
Ziggurat: Depths:3
Trove: D:10 (give 4 scrolls of blinking)

Annotations:
Lair:1 2 transporters, Jakened's ghost, journeyman VSCj
Lair:5 1 runed translucent door, Kaofid's ghost, journeyman GrEE
Orc:1 1 runed translucent door, lessens's ghost, journeyman HOIE
Elf:3 2 exclusions
Zot:2 4 transporters, Qawkucki's ghost, veteran DsCK
Zot:4 1 runed translucent door, Gyroff's ghost, legendary DsFi
Zot:5 2 transporters, exclusions: Orb Guardian and 4 more exclusions, puppykicker's ghost, legendary HaAK


Innate Abilities, Weirdness & Mutations

You are small and have problems with some larger weapons.
You are somewhat resistant to further mutation.
You have supernaturally acute eyesight. (SInv)
Your spells are a little harder to cast, but a little more powerful.


Message History

You climb upwards.
There is a stone staircase leading down here.
Things that are here:
a +0 scale mail; a +0 mace A hellion comes into view.
You shoot a sling bullet.
The sling bullet closely misses the hellion.
You shoot a sling bullet. The sling bullet hits the hellion!!!
The sling bullet freezes the hellion.
You kill the hellion!
No target in view!
No target in view!
No target in view!
A gelid demonspawn comes into view. It is wielding a +0 halberd.
You block the gelid demonspawn's attack.
There is a stone staircase leading up here.
The gelid demonspawn completely misses you.
You climb upwards.
There is a stone staircase leading down here.
Things that are here:
a +0 robe; a +0 scythe
There is a stone staircase leading up here.
You climb upwards.
There is a stone staircase leading down here.
A shadow demon comes into view.
You shoot a sling bullet.
The sling bullet hits the shadow demon!!!
The shadow demon is almost dead.
You shoot a sling bullet. The sling bullet hits the shadow demon!
You kill the shadow demon!
No target in view!
No target in view!
No target in view!
Aiming: Dig
Press: ? - help, Shift-Dir - straight line A rock wall.
This square is covered in magical glow.
The rock shatters into small pieces.
There is a staircase leading out of the dungeon here.
You have escaped!

#.##..'...'..# #.##
##.# #.##..#.#.#..#
###.###.#####
#.#####.#.####
#....#......#
#####.##..#...#.≈#
#............
......##..'...'..#
#..#.######..
.#######≈.#...#..#
#..#.# #..
.......####...####
#..#.# #..
.#######..#...#P.#
#..#.### #.. .#
#..'...'.@# #..#...#
#.. .# #..#...#..##
#..###.# #.. .#
#####'####.###.[###.##
#.. .# #.#
##.##.(##...###.. .#
#.# ##.#...........#
.# #.# ##.#.##...#####
.# #.# ##..###.## # .#
#.#########.###.# # .#
##...............# #


There were no monsters in sight!

Vanquished Creatures
  the Royal Jelly (Slime:5)
  A dread lich (Zot:5)
  7 orbs of fire
  3 ancient liches
  A juggernaut (Depths:2)
  Bai Suzhen (Depths:2)
  6 Killer Klowns (Zot:5)
  8 golden dragons
  A curse toe (Zot:5)
  A bone dragon (Abyss:4)
  A Brimstone Fiend (Zot:5)
  7 electric golems
  Jorgrun (Snake:1)
  Rupert (Snake:1)
  22 Orb Guardians
  4 liches
  19 tentacled monstrosities
  Asterion (Elf:1)
  5 titans
  2 deep elf blademasters (Elf:3)
  4 quicksilver dragons
  A deep elf master archer (Elf:3)
  Polyphemus (Shoals:3)
  Frances (D:12)
  An Executioner (D:10)
  50 acid blobs
  13 death cobs
  5 sphinxes
  Agnes (D:15)
  2 tentacled starspawn (Abyss:2)
  16 storm dragons
  6 shadow dragons
  4 draconian monks
  Gastronok (Lair:2)
  2 krakens (Shoals:4)
  7 nagarajas
  33 azure jellies
  6 tengu reavers
  5 deep elf sorcerers
  6 fire giants
  9 vault wardens
  2 draconian knights
  10 draconian scorchers
  4 ghost moths
  4 frost giants
  3 orc warlords
  Aizul (Snake:1)
  3 deep elf elementalists
  9 ironheart preservers
  5 draconian annihilators
  2 war gargoyles (Depths:4)
  2 spriggan defenders
  5 draconian shifters
  3 draconian stormcallers
  10 very ugly things
  19 stone giants
  Nessos (D:12)
  16 green draconians
  12 deep elf demonologists
  6 vampire knights
  Azrael (D:14)
  A starcursed mass (Abyss:2)
  7 red draconians
  11 black draconians
  An entropy weaver (Vaults:2)
  9 deep elf annihilators
  A spark wasp (shapeshifter) (Vaults:4)
  17 purple draconians
  12 white draconians
  6 spark wasps
  10 merfolk impalers
  25 yellow draconians
  6 deep elf death magi
  3 green deaths
  21 death oozes
  9 merfolk javelineers
  2 crystal guardians (Depths:4)
  3 deep elf high priests
  A quicksilver dragon zombie (Vaults:4)
  8 fire dragons
  Josephine (D:12)
  8 ettins
  12 yaktaur captains
  12 great orbs of eyes
  13 boulder beetles
  Harold (D:10)
  18 naga warriors
  10 hydras
  13 ice dragons
  4 ogre magi
  A hell beast (Depths:3)
  5 spriggan air magi
  3 rakshasas
  9 vault guards
  11 anacondas
  5 catoblepae
  5 merfolk avatars
  2 death knights
  16 centaur warriors
  27 dancing weapons
  20 two-headed ogres
  3 merfolk aquamancers
  A satyr (Shoals:4)
  3 deep troll earth magi
  6 deep troll shamans
  A vampire mage (Vaults:2)
  13 tengu warriors
  2 orc high priests (Orc:2)
  3 spriggan berserkers
  8 hell knights
  3 death yaks
  5 shock serpents
  A soul eater (D:8)
  A thrashing horror (Abyss:4)
  11 naga sharpshooters
  Sonja (Lair:2)
  26 deep elf knights
  4 skeletal warriors (D:12)
  3 shadow wraiths
  2 salamander mystics
  Nergalle (D:12)
  An iron troll (Depths:3)
  7 glowing orange brains
  3 unseen horrors
  3 wretched stars (Abyss:4)
  A shadow demon (D:1)
  An unseen horror (shapeshifter) (Vaults:2)
  20 sea snakes
  9 naga ritualists
  12 deep trolls
  4 flayed ghosts
  An orange crystal statue (Vaults:1)
  3 phantasmal warriors
  17 ironbrand convokers
  5 necromancers
  A sphinx zombie (Depths:3)
  4 wizards
  17 deep elf archers
  37 deep elf pyromancers
  39 deep elf zephyrmancers
  6 oklob plants
  A mana viper (shapeshifter) (Abyss:4)
  6 mana vipers
  52 harpies
  63 ugly things
  A salamander (shapeshifter) (Depths:4)
  6 wolf spiders
  5 orc sorcerers
  A will-o-the-wisp (Abyss:2)
  A shining eye (shapeshifter) (Vaults:2)
  A human zombie (Vaults:4)
  13 orc knights
  22 manticores
  33 moths of wrath
  19 cyclopes
  A stone giant zombie (Vaults:3)
  13 merfolk sirens
  4 shining eyes
  31 fauns
  2 worldbinders
  38 black mambas
  16 salamanders
  4 eyes of devastation
  A sphinx skeleton (Vaults:3)
  7 elephants
  6 guardian serpents
  A rust devil (Depths:3)
  2 ice statues (IceCv)
  4 gargoyles
  19 naga magi
  15 vault sentinels
  4 water nymphs
  An apocalypse crab (Abyss:4)
  A black mamba (shapeshifter) (Depths:1)
  11 cane toads
  An orange demon (Abyss:4)
  A smoke demon (Volcano)
  A hellion (D:3)
  6 freezing wraiths
  2 kobold demonologists (D:13)
  6 large abominations
  2 yaktaur zombies
  6 rime drakes
  9 komodo dragons
  47 yaktaurs
  A rime drake (shapeshifter) (Vaults:3)
  Maggie (D:6)
  4 efreet
  A yaktaur skeleton (Vaults:1)
  2 red devils
  3 tengu conjurers
  A queen bee (shapeshifter) (Elf:3)
  A tormentor (Abyss:4)
  3 ancient zymes
  A troll (shapeshifter) (Depths:4)
  A queen bee (D:13)
  12 trolls
  28 merfolk
  3 polar bears
  Prince Ribbit (D:5)
  2 tengu simulacra
  Grinder (D:3)
  10 wind drakes
  3 meliai (D:13)
  10 hornets
  A raiju (Abyss:4)
  A sphinx simulacrum (Depths:3)
  19 blink frogs
  82 slime creatures
  An ettin zombie (Vaults:4)
  A blink frog (shapeshifter) (Depths:1)
  5 dream sheep
  10 snapping turtles
  An ettin skeleton (Vaults:3)
  2 redbacks (Vaults:2)
  A centaur simulacrum (D:14)
  Sigmund (D:2)
  16 spriggans
  A yak (shapeshifter) (D:13)
  6 air elementals
  10 wyverns
  An ice dragon skeleton (Abyss:2)
  A shadow (D:14)
  37 yaks
  2 humans (shapeshifter)
  27 water elementals
  3 basilisks
  3 fire elementals
  A human (D:11)
  9 wraiths
  3 golden eyes (shapeshifter)
  13 golden eyes
  Grum (D:9)
  2 neqoxecs (Abyss:2)
  A steam dragon (D:11)
  2 chaos spawn (Abyss:4)
  7 wargs
  A catoblepas simulacrum (Abyss:4)
  An acid dragon (Abyss:4)
  Edmund (D:4)
  8 hell hounds
  72 nagas
  12 water moccasins
  7 small abominations
  A soldier ant (shapeshifter) (Vaults:4)
  An acid dragon (shapeshifter) (Depths:3)
  A floating eye (shapeshifter) (Depths:5)
  2 floating eyes (Slime:5)
  9 eyes of draining
  2 sky beasts
  37 orc warriors
  8 black bears
  19 ice beasts
  A hornet zombie (D:14)
  20 ogres
  29 wolves
  28 centaurs
  A tengu (Abyss:4)
  13 boggarts
  6 phantoms
  5 kobold brigands
  30 bullfrogs
  A gnoll sergeant (D:11)
  2 deep troll simulacra
  5 earth elementals
  2 wyvern zombies (D:10)
  6 scorpions
  A killer bee (shapeshifter) (D:14)
  34 killer bees
  11 wights
  A lava snake (Lair:6)
  6 electric eels
  12 howler monkeys
  3 bullfrog zombies
  3 human simulacra
  2 quasits
  3 centaur zombies
  25 jellies
  2 bullfrog skeletons
  18 orc priests
  12 hounds
  2 iron imps
  A centaur skeleton (D:9)
  7 iguanas
  Terence (D:3)
  Jessica (D:3)
  7 hell rats
  31 orc wizards
  11 worker ants
  A hound zombie (D:7)
  A hound skeleton (D:11)
  A worker ant zombie (D:9)
  Robin (D:3)
  A howler monkey zombie (D:6)
  5 gnolls (D:11)
  13 adders
  7 shadow imps
  3 white imps
  8 ufetubi
  An adder zombie (D:8)
  5 worms
  4 dart slugs
  5 leopard geckos
  130 orcs
  8 bats
  11 giant cockroaches
  18 goblins
  13 hobgoblins
  14 jackals
  30 kobolds
  5 quokkas
  2 ball pythons
  3 frilled lizards
  A giant cockroach zombie (D:6)
  A jackal skeleton (D:7)
  A quokka skeleton (D:4)
  2 quokka zombies
  9 rats
  A starspawn tentacle (Abyss:2)
  2 tentacles (Shoals:4)
2701 creatures vanquished.

Vanquished Creatures (collateral kills)
  A yak (Lair:4)
  A spriggan (Lair:6)
  An orc warrior (Orc:2)
  A wolf (Lair:6)
  2 orc priests (Orc:2)
  An orc wizard (Orc:2)
  2 orcs (Orc:2)
9 creatures vanquished.

Vanquished Creatures (others)
  A dread lich (Abyss:4)
  2 Killer Klowns (Zot:5)
  A curse toe (Zot:4)
  A golden dragon (Zot:5)
  A tentacled monstrosity (Depths:3)
  3 Orb Guardians (Zot:5)
  2 storm dragons (Zot:5)
  A tengu reaver (Vaults:1)
  A vault warden (Vaults:1)
  An iron dragon (Depths:2)
  A draconian stormcaller (Zot:5)
  A deep elf demonologist (Elf:3)
  A yellow draconian (Zot:3)
  3 ice dragons
  2 ogre magi
  A vault guard (Vaults:1)
  2 merfolk aquamancers
  A hell knight (Abyss:4)
  A large abomination (Abyss:4)
  A deep elf archer (Elf:1)
  An ironbrand convoker (Vaults:1)
  A salamander (Snake:2)
  A moth of wrath (Zot:3)
  A mana viper (shapeshifter) (Vaults:1)
  A black mamba (Snake:2)
  A vault sentinel (Vaults:1)
  A cane toad (Lair:4)
  A yaktaur (Vaults:1)
  A hornet (Vaults:1)
  A water elemental (Elf:1)
  A yak (shapeshifter) (Depths:2)
  A steam dragon (Lair:4)
  A warg (Vaults:1)
  An ogre zombie (Vaults:1)
  2 small abominations
  An ogre skeleton (Vaults:1)
  2 bullfrogs (Lair:4)
  A jelly (Zot:4)
  An orc wizard (Vaults:1)
  A hell rat (Lair:4)
  2 orcs (Vaults:1)
  4 demonic plants (Abyss:2)
  6 foxfires (Abyss:2)
  58 fungi
  A lurking horror (Abyss:4)
  295 plants
  3 starspawn tentacles (Abyss:2)
  22 tentacles (Shoals:4)
  2 withered plants (Lair:5)
443 creatures vanquished.

Grand Total: 3153 creatures vanquished

Notes
Turn   | Place    | Note
-------+----------+-------------------------------------------
     0 | D:1      | GEC the Halfling Hunter began the quest for the Orb.
     0 | D:1      | Reached XP level 1. HP: 14/14 MP: 1/1
   214 | D:1      | Reached skill level 6 in Slings
   409 | D:1      | Reached XP level 2. HP: 19/19 MP: 2/2
   692 | D:1      | Reached XP level 3. HP: 24/24 MP: 3/3
  1186 | D:2      | Noticed Sigmund
  1209 | D:2      | Reached XP level 4. HP: 22/29 MP: 4/4
  1220 | D:2      | Killed Sigmund
  1221 | D:2      | Reached skill level 8 in Slings
  1221 | D:2      | Reached XP level 5. HP: 22/36 MP: 5/5
  1221 | D:2      | Reached XP level 6. HP: 25/42 MP: 6/6
  2116 | D:3      | Noticed Robin
  2158 | D:3      | Killed Robin
  2347 | D:3      | Noticed Jessica
  2352 | D:3      | Killed Jessica
  2393 | D:3      | Noticed Grinder
  2398 | D:3      | Noticed Terence
  2410 | D:3      | Killed Terence
  2425 | D:3      | Killed Grinder
  2426 | D:3      | Reached skill level 9 in Slings
  2426 | D:3      | Reached XP level 7. HP: 32/47 MP: 7/7
  2587 | D:3      | Found a snail-covered altar of Cheibriados.
  3268 | D:4      | Noticed Edmund
  3288 | D:4      | Killed Edmund
  3289 | D:4      | Reached skill level 10 in Slings
  3289 | D:4      | Reached skill level 5 in Dodging
  3289 | D:4      | Reached XP level 8. HP: 41/54 MP: 8/8
  3382 | D:4      | Got a distressingly furry chain mail
  3393 | D:4      | Identified the +2 chain mail of Boiling Hail {Str+8} (You
                  | found it on level 4 of the Dungeon)
  3525 | D:4      | Found Nateki's Armour Boutique.
  3737 | D:4      | Found Xuaduosa's Distillery.
  3791 | D:4      | Found Gomauf's Antique Armour Emporium.
  3874 | D:4      | Reached skill level 11 in Slings
  3874 | D:4      | Reached skill level 1 in Armour
  4149 | D:5      | Entered Level 5 of the Dungeon
  4344 | D:5      | Found a shimmering blue altar of Sif Muna.
  4512 | D:5      | Reached skill level 5 in Fighting
  4512 | D:5      | Reached XP level 9. HP: 54/61 MP: 9/9
  4867 | D:5      | Noticed Prince Ribbit
  4885 | D:5      | Killed Prince Ribbit
  4886 | D:5      | Reached skill level 12 in Slings
  5453 | D:6      | Found a staircase to the Ecumenical Temple.
  5466 | Temple   | Entered the Ecumenical Temple
  5592 | Temple   | Became a worshipper of Elyvilon the Healer
  5737 | D:6      | Noticed Maggie
  5749 | D:6      | Killed Maggie
  6006 | D:6      | Reached skill level 13 in Slings
  6429 | D:6      | Reached * piety under Elyvilon
  6661 | D:7      | Reached skill level 1 in Shields
  6661 | D:7      | Reached XP level 10. HP: 68/68 MP: 10/10
  6770 | D:4      | Bought a +2 pair of gloves of archery for 215 gold pieces
  6991 | D:7      | Reached skill level 14 in Slings
  7787 | D:8      | Found an iron altar of Okawaru.
  8007 | D:8      | Reached ** piety under Elyvilon
  8040 | D:8      | Reached skill level 5 in Shields
  8104 | D:8      | Found a staircase to the Lair.
  8146 | D:8      | Reached skill level 15 in Slings
  8862 | D:9      | Reached skill level 1 in Invocations
  8920 | D:9      | Reached XP level 11. HP: 75/75 MP: 12/12
  9141 | D:9      | Noticed Grum
  9151 | D:9      | Killed Grum
  9155 | D:9      | Reached skill level 16 in Slings
  9213 | D:9      | Noticed a tengu warrior
  9302 | D:9      | Killed a tengu warrior
  9315 | D:9      | Found Qozxi Jawe's Antique Armour Boutique.
  9380 | D:9      | Bought a runed cloak for 202 gold pieces
  9639 | D:10     | Entered Level 10 of the Dungeon
  9657 | D:10     | Reached *** piety under Elyvilon
  9696 | D:10     | Noticed Harold
  9723 | D:10     | Killed Harold
 10874 | D:10     | Found a portal to a secret trove of treasure.
 10962 | Lair:1   | Entered Level 1 of the Lair of Beasts
 11111 | Lair:1   | Noticed a purple ugly thing
 11116 | Lair:1   | Found a transporter.
 11123 | Lair:1   | Found a one-way gate to the infinite horrors of the Abyss.
 11123 | Lair:1   | Noticed a sixfirhy
 11123 | Lair:1   | Noticed Jakened's ghost (journeyman VSCj)
 11141 | Lair:1   | Noticed a five-headed hydra
 11150 | Lair:1   | Killed a five-headed hydra
 11151 | Lair:1   | Reached skill level 17 in Slings
 11298 | Lair:1   | Reached **** piety under Elyvilon
 11393 | Lair:1   | Reached XP level 12. HP: 84/84 MP: 15/15
 11570 | Lair:1   | You fall into a shaft and drop 1 floor!
 11616 | Lair:2   | Reached skill level 5 in Invocations
 11635 | Lair:2   | Noticed Sonja
 12149 | Lair:2   | Noticed Gastronok
 12204 | Lair:2   | Killed Gastronok
 12205 | Lair:2   | Reached skill level 18 in Slings
 12483 | Lair:2   | Killed Sonja
 12781 | Lair:1   | Found a transporter.
 12787 | Lair:1   | Identified the +5 dagger "Rueset" {distort, +Blink rPois
                  | rC+++ Stlth-}
 13216 | Lair:2   | Found a staircase to the Snake Pit.
 13470 | Lair:2   | Reached XP level 13. HP: 90/90 MP: 18/18
 13707 | Lair:3   | Identified a scroll of acquirement
 13708 | Lair:3   | Acquired the +6 hunting sling of Valiance {venom, +Fly rF+
                  | Str+5 Dex-4}
 13776 | Lair:3   | Reached ***** piety under Elyvilon
 13817 | Lair:3   | Reached skill level 19 in Slings
 15105 | Lair:4   | Noticed an eight-headed hydra
 15111 | Lair:4   | Killed an eight-headed hydra
 15650 | Lair:4   | Found a staircase to the Shoals.
 15666 | Lair:4   | Reached skill level 10 in Fighting
 15813 | Lair:5   | Found a runed translucent door.
 15813 | Lair:5   | Noticed Kaofid's ghost (journeyman GrEE)
 16036 | Lair:5   | Reached skill level 10 in Dodging
 16107 | Lair:5   | Reached skill level 20 in Slings
 16644 | Lair:6   | Entered Level 6 of the Lair of Beasts
 16644 | Lair:6   | Reached ****** piety under Elyvilon
 16936 | Lair:6   | Reached skill level 5 in Armour
 16936 | Lair:6   | Reached XP level 14. HP: 99/99 MP: 20/20
 17779 | Lair:6   | Reached skill level 21 in Slings
 18198 | Lair:6   | Found a staircase to the Slime Pits.
 19095 | D:11     | Found a staircase to the Orcish Mines.
 19597 | D:12     | Noticed Frances
 19617 | D:12     | Killed Frances
 19618 | D:12     | Reached skill level 10 in Invocations
 19631 | D:12     | Reached XP level 15. HP: 106/106 MP: 22/22
 19650 | D:12     | Noticed Nergalle
 19656 | D:12     | Killed Nergalle
 19713 | D:12     | Noticed Josephine
 19729 | D:12     | Killed Josephine
 19876 | D:12     | Identified the Handbook of Envenoming and the Mountains
 19932 | D:12     | Noticed Nessos
 19945 | D:12     | Killed Nessos
 19946 | D:12     | Reached skill level 22 in Slings
 20250 | D:12     | Found a shadowy altar of Dithmenos.
 20854 | D:13     | You fall into a shaft and drop 1 floor!
 21354 | D:14     | Noticed Azrael
 21362 | D:14     | Killed Azrael
 21624 | D:13     | You fall into a shaft and drop 1 floor!
 21719 | D:13     | Found a gate to the Vaults.
 22580 | D:14     | Reached XP level 16. HP: 103/114 MP: 24/24
 22588 | D:14     | Reached skill level 23 in Slings
 22869 | D:14     | Identified the +4 dire flail of the Hills {venom, +Rage}
 22908 | D:14     | Identified the +4 hunting sling of the Warrior-Mage {speed,
                  | Will+}
 23119 | D:15     | Entered Level 15 of the Dungeon
 23169 | D:15     | Found a frozen archway.
 23215 | IceCv    | Entered an ice cave
 23770 | IceCv    | Got a heavily runed brass ring
 24207 | D:15     | Found a staircase to the Depths.
 24316 | D:15     | Noticed Agnes
 24334 | D:15     | Killed Agnes
 24533 | D:15     | Found a sparkling altar of Nemelex Xobeh.
 24867 | Orc:1    | Entered Level 1 of the Orcish Mines
 25064 | Orc:1    | Identified the ring "Noetwuac" {rElec rF+ rC+ Str+6} (You
                  | found it in an ice cave)
 25215 | Orc:1    | Found a dark tunnel.
 25228 | Orc:1    | Reached skill level 10 in Armour
 25238 | Volcano  | Entered a volcano
 25735 | Orc:1    | Found a runed translucent door.
 26338 | Orc:1    | Noticed lessens's ghost (journeyman HOIE)
 26366 | Orc:2    | Entered Level 2 of the Orcish Mines
 26572 | Orc:2    | Found Kabrid's Antique Weapon Emporium.
 26649 | Orc:2    | Found a staircase to the Elven Halls.
 26680 | Orc:2    | Reached skill level 24 in Slings
 26736 | Orc:2    | Reached skill level 1 in Short Blades
 26787 | Orc:2    | Reached XP level 17. HP: 121/121 MP: 26/26
 26847 | Orc:2    | Found Tirgho's Jewellery Shoppe.
 26876 | Orc:2    | Found Ynimm's General Store.
 26922 | Orc:2    | Found Wump's Antique Armour Emporium.
 26938 | Orc:2    | Bought 27 stones for 40 gold pieces
 26938 | Orc:2    | Bought 6 stones for 9 gold pieces
 27060 | Orc:2    | Found a roughly hewn altar of Beogh.
 27424 | Shoals:1 | Entered Level 1 of the Shoals
 28913 | Shoals:2 | Found a flickering gateway to a bazaar.
 28926 | Bazaar   | Entered a bazaar
 28929 | Bazaar   | Found Socka's Assorted Antiques.
 28948 | Bazaar   | Found Rujon's Jewellery Shoppe.
 28960 | Bazaar   | Found Noasawaa's Book Emporium.
 28964 | Bazaar   | Found Gaheomo's Assorted Antiques.
 28972 | Bazaar   | Bought a scroll of blinking for 195 gold pieces
 28972 | Bazaar   | Bought a scroll of teleportation for 78 gold pieces
 28972 | Bazaar   | Bought a potion of heal wounds for 130 gold pieces
 28972 | Bazaar   | Bought 2 potions of might for 208 gold pieces
 29010 | Bazaar   | Bought a potion of haste for 260 gold pieces
 29010 | Bazaar   | Bought a potion of curing for 78 gold pieces
 29010 | Bazaar   | Bought a potion of resistance for 260 gold pieces
 29010 | Bazaar   | Bought a wand of digging (5) for 208 gold pieces
 29098 | Shoals:2 | Reached skill level 5 in Short Blades
 29194 | Shoals:2 | Reached skill level 25 in Slings
 29650 | Shoals:2 | Reached XP level 18. HP: 128/128 MP: 27/27
 30046 | Shoals:3 | Upgraded the game from 0.27-a0-323-gbd089401bb to
                  | 0.27-a0-328-g7f782ed93a
 30279 | Shoals:3 | Noticed Polyphemus
 30435 | Shoals:3 | Killed Polyphemus
 31108 | Shoals:3 | Found Ytanomylaesm's Magic Scroll Emporium.
 31122 | Shoals:3 | Bought a scroll of identify for 34 gold pieces
 31830 | Snake:1  | Entered Level 1 of the Snake Pit
 31863 | Snake:1  | Noticed Rupert
 31881 | Snake:1  | Killed Rupert
 32012 | Snake:1  | Found Feret's Specialty Armours.
 32785 | Snake:1  | Noticed Jorgrun
 32801 | Snake:1  | Killed Jorgrun
 33194 | Snake:1  | Noticed Aizul
 33213 | Snake:1  | Killed Aizul
 33214 | Snake:1  | Reached skill level 26 in Slings
 33447 | Snake:2  | Reached XP level 19. HP: 131/135 MP: 29/29
 33519 | Snake:2  | Found a runed translucent door.
 36174 | Snake:4  | Entered Level 4 of the Snake Pit
 37677 | Snake:4  | Reached XP level 20. HP: 135/143 MP: 30/30
 37909 | Snake:4  | Learned a level 1 spell: Apportation
 38271 | Snake:4  | Reached skill level 27 in Slings
 38470 | Snake:4  | Got a serpentine rune of Zot
 38858 | Shoals:4 | Entered Level 4 of the Shoals
 38866 | Shoals:4 | Reached skill level 10 in Short Blades
 39134 | Shoals:4 | Identified the Incunabulum of the Venomous Frostbite
 39972 | Shoals:4 | Reached skill level 15 in Invocations
 40082 | Shoals:4 | Identified the Collected Works on Combat Magic
 40245 | Shoals:4 | Got a barnacled rune of Zot
 41051 | Shoals:4 | Reached XP level 21. HP: 133/149 MP: 32/32
 41474 | Elf:1    | Entered Level 1 of the Elven Halls
 41841 | Shoals:3 | Bought a scroll of enchant weapon for 127 gold pieces
 42147 | Orc:2    | Bought a scroll of enchant weapon for 112 gold pieces
 42413 | Elf:1    | Identified the Tome of Attacks
 42869 | Elf:1    | Noticed Asterion
 42890 | Elf:1    | Killed Asterion
 43179 | Elf:1    | Paralysed by a sphinx for 2 turns
 43181 | Elf:1    | Reached skill level 10 in Shields
 43409 | Elf:2    | Cast into level 2 of the Abyss (a deep elf demonologist)
 43513 | Abyss:2  | Got a flickering lead ring
 43514 | Abyss:2  | Identified the ring of Doubts {rC+ Str+6 Dex+4 SInv} (You
                  | found it on level 2 of the Abyss)
 43889 | Abyss:2  | Got a spiked ring mail
 43890 | Abyss:2  | Identified the +1 ring mail of the Dungeon {rC+++ Str+2}
                  | (You found it on level 2 of the Abyss)
 43898 | Abyss:2  | Found a runed translucent door.
 43953 | Elf:2    | Escaped the Abyss
 44367 | Elf:2    | Reached skill level 15 in Fighting
 44827 | Elf:2    | Found a huge runed translucent gate.
 44827 | Elf:2    | Found a huge runed translucent gate.
 44827 | Elf:2    | Found a huge runed translucent gate.
 44827 | Elf:2    | Found a huge runed translucent gate.
 44828 | Elf:2    | Found a huge runed translucent gate.
 44933 | Elf:2    | Reached XP level 22. HP: 157/157 MP: 33/33
 45924 | Elf:3    | Entered Level 3 of the Elven Halls
 46751 | Elf:3    | Cast into level 4 of the Abyss (a deep elf sorcerer)
 46871 | Abyss:4  | Noticed a golden dragon
 46871 | Abyss:4  | Noticed a golden dragon
 46871 | Abyss:4  | Noticed a golden dragon
 46975 | Abyss:4  | Gained mutation: You are occasionally teleported next to
                  | monsters. [a neqoxec]
 47064 | Abyss:4  | Noticed a bone dragon
 47066 | Abyss:4  | Found a runed translucent door.
 47104 | Abyss:4  | Killed a bone dragon
 47282 | Abyss:4  | Noticed a dread lich
 47307 | Abyss:4  | Killed a dread lich
 47308 | Abyss:4  | Reached skill level 15 in Armour
 47314 | Elf:3    | Escaped the Abyss
 47434 | Elf:3    | Acquired 920 gold pieces
 47622 | D:14     | Lost mutation: You are occasionally teleported next to
                  | monsters. [potion of mutation]
 47622 | D:14     | Gained mutation: You are somewhat resistant to both further
                  | mutation and mutation removal. [potion of mutation]
 48040 | Elf:3    | Found Curuen's Book Shop.
 48040 | Elf:3    | Found Sonoih's Jewellery Emporium.
 48041 | Elf:3    | Found Jahuneuf's Jewellery Emporium.
 48065 | Elf:3    | Identified the +1 scale mail "Icypp" {Int+4}
 48084 | Elf:3    | Identified the +5 broad axe of the Wraith {antimagic, rElec
                  | rN++}
 48364 | Elf:3    | Acquired a manual of Fighting
 48589 | Elf:3    | Reached XP level 23. HP: 155/163 MP: 35/35
 48748 | Elf:3    | Identified the +1 morningstar "Yssuawk" {freeze, Will+
                  | Dex+2}
 48748 | Elf:3    | Identified the +1 acid dragon scales "Unloudem" {rPois
                  | rCorr}
 48748 | Elf:3    | Identified the ring of Suspicion {EV+4 Int+3}
 48845 | Elf:3    | Identified the Papyrus of the Hurtful Compass
 48852 | Elf:3    | Got an ichor-stained chain mail
 49323 | Shoals:3 | Bought 2 scrolls of identify for 68 gold pieces
 49323 | Shoals:3 | Identified the +0 chain mail of Limited Liability {*Contam
                  | rC+ rCorr} (You found it on level 3 of the Elven Halls)
 49649 | Vaults:1 | Entered Level 1 of the Vaults
 50623 | Vaults:1 | Found Sibiss's Weapon Shoppe.
 50909 | Vaults:1 | Found a flickering gateway to a bazaar.
 50919 | Bazaar   | Entered a bazaar
 50921 | Bazaar   | Found Iwnaph's Magic Scroll Boutique.
 50925 | Bazaar   | Bought a scroll of enchant armour for 127 gold pieces
 50925 | Bazaar   | Bought a scroll of magic mapping for 59 gold pieces
 50925 | Bazaar   | Bought a scroll of magic mapping for 59 gold pieces
 50925 | Bazaar   | Bought a scroll of blinking for 127 gold pieces
 50928 | Bazaar   | Found Xuexzae's Magic Scroll Boutique.
 50928 | Bazaar   | Found Puaneb's Magic Scroll Boutique.
 50928 | Bazaar   | Found Recseu's Assorted Antiques.
 50939 | Bazaar   | Bought a scroll of enchant weapon for 135 gold pieces
 50939 | Bazaar   | Bought a scroll of enchant armour for 135 gold pieces
 50948 | Bazaar   | Bought a scroll of enchant weapon for 90 gold pieces
 50948 | Bazaar   | Bought a scroll of enchant weapon for 90 gold pieces
 50967 | Bazaar   | Bought a scroll of summoning for 114 gold pieces
 50984 | Bazaar   | Bought a scroll of acquirement for 936 gold pieces
 51007 | Vaults:1 | Acquired 1060 gold pieces
 52820 | Vaults:2 | Found a staircase to the Crypt.
 53004 | Vaults:2 | Reached XP level 24. HP: 158/173 MP: 35/35
 53596 | Vaults:3 | Identified the +7 hand axe of the Queen {flame, *Noise
                  | Fragile Int+8 Dex+8}
 54178 | D:9      | Bought a brightly glowing plate armour for 756 gold pieces
 54178 | D:9      | Identified the +0 plate armour of the Cockroach {SInv} (You
                  | bought it in a shop on level 9 of the Dungeon)
 54318 | D:4      | Bought the +1 plate armour of the Blacksmith {+Fly Str+7}
                  | for 518 gold pieces
 54873 | Vaults:3 | Reached skill level 15 in Dodging
 56006 | Vaults:4 | Reached skill level 15 in Shields
 56096 | Vaults:4 | Identified the +9 war axe of Ravage {protect, rPois Int+3}
 56117 | Vaults:4 | Noticed an ancient lich
 56130 | Vaults:4 | Killed an ancient lich
 56131 | Vaults:4 | Reached XP level 25. HP: 124/182 MP: 35/35
 56422 | Vaults:4 | Found the +8 storm bow {elec, penet}
 57669 | Depths:1 | Entered Level 1 of the Depths
 58301 | Depths:1 | Found a gateway to Hell.
 58818 | Depths:1 | Found a corrupted altar of Lugonu.
 59496 | Depths:2 | Noticed Bai Suzhen
 59527 | Depths:2 | Killed Bai Suzhen
 59578 | Depths:2 | Reached XP level 26. HP: 102/191 MP: 33/36
 59740 | Depths:2 | Noticed a juggernaut
 59757 | Depths:2 | Killed a juggernaut
 60269 | Depths:2 | Identified the +0 cloak "Witsoaf" {rF+ Int+4} (You found it
                  | on level 2 of the Depths)
 60728 | Depths:3 | Found Ryunk's Antique Armour Shoppe.
 60819 | Depths:3 | Found a gateway to a ziggurat.
 61943 | Depths:3 | Found a one-way gate leading to the halls of Pandemonium.
 63571 | Depths:4 | Noticed an ancient lich
 63591 | Depths:4 | Killed an ancient lich
 63592 | Depths:4 | Reached XP level 27. HP: 177/199 MP: 36/36
 63879 | Depths:5 | Entered Level 5 of the Depths
 64107 | Depths:5 | Found a gate to the Realm of Zot.
 65155 | Depths:5 | Found a gate to the Realm of Zot.
 66135 | Slime:1  | Entered Level 1 of the Pits of Slime
 69103 | Slime:5  | Entered Level 5 of the Pits of Slime
 69214 | Slime:5  | Found a viscous altar of Jiyva.
 69214 | Slime:5  | Noticed the Royal Jelly
 69848 | Slime:5  | Found the necklace of Bloodlust {*Rage +Rage Will++ Int-3
                  | Slay+6}
 71120 | Slime:5  | Killed the Royal Jelly
 71399 | Slime:5  | Got a bound silver amulet
 71527 | Slime:5  | Got a slimy rune of Zot
 71573 | Slime:5  | Got black opal-encrusted fire dragon scales
 71576 | Slime:5  | Got a fine lead ring
 72066 | Shoals:3 | Bought a scroll of identify for 34 gold pieces
 72066 | Shoals:3 | Bought a scroll of identify for 34 gold pieces
 72066 | Shoals:3 | Bought a scroll of identify for 34 gold pieces
 72066 | Shoals:3 | Identified the +0 fire dragon scales of the Leaf {rF++ rC-
                  | Str+4} (You found it on level 5 of the Pits of Slime)
 72067 | Shoals:3 | Identified the amulet of Sloth {RegenMP rF+ Str+3 Int+3
                  | Stlth+} (You found it on level 5 of the Pits of Slime)
 72083 | Shoals:3 | Identified the ring "Gal Mecw" {+Blink rElec rPois Int-3}
                  | (You found it on level 5 of the Pits of Slime)
 72087 | Shoals:3 | Bought a scroll of identify for 34 gold pieces
 72087 | Shoals:3 | Bought a scroll of identify for 34 gold pieces
 72536 | Zot:1    | Entered Level 1 of the Realm of Zot
 74701 | Zot:2    | Found a transporter.
 74852 | Zot:2    | Found a transporter.
 74859 | Zot:2    | Noticed a shard shrike
 74860 | Zot:2    | Noticed Qawkucki's ghost (veteran DsCK)
 74901 | Zot:2    | Found a transporter.
 75152 | Zot:2    | Found a transporter.
 79116 | Zot:4    | Noticed an orb of fire
 79136 | Zot:4    | Killed an orb of fire
 79727 | Zot:4    | Noticed an orb of fire
 79750 | Zot:4    | Killed an orb of fire
 80089 | Zot:4    | Found a runed translucent door.
 80097 | Zot:4    | Noticed Gyroff's ghost (legendary DsFi)
 80345 | Zot:5    | Entered Level 5 of the Realm of Zot
 80812 | Zot:5    | Found a transporter.
 80819 | Zot:5    | Noticed puppykicker's ghost (legendary HaAK)
 80821 | Zot:5    | Noticed a shard shrike
 80823 | Zot:5    | Noticed a shard shrike
 81202 | Zot:5    | Found a transporter.
 81335 | Zot:5    | Noticed a Killer Klown
 81338 | Zot:5    | Noticed an orb of fire
 81338 | Zot:5    | Noticed an ancient lich
 81344 | Zot:5    | Noticed an orb of fire
 81344 | Zot:5    | Killed an ancient lich
 81348 | Zot:5    | Noticed a Killer Klown
 81349 | Zot:5    | Noticed an orb of fire
 81349 | Zot:5    | Noticed an orb of fire
 81350 | Zot:5    | Noticed an orb of fire
 81354 | Zot:5    | Noticed a Killer Klown
 81355 | Zot:5    | Noticed a dread lich
 81361 | Zot:5    | Killed an orb of fire
 81369 | Zot:5    | Killed an orb of fire
 81369 | Zot:5    | Noticed a Killer Klown
 81383 | Zot:5    | Killed an orb of fire
 81385 | Zot:5    | Killed an orb of fire
 81393 | Zot:5    | Noticed a Killer Klown
 81399 | Zot:5    | Killed a dread lich
 81684 | Zot:5    | Noticed a Killer Klown
 81689 | Zot:5    | Killed a Killer Klown
 81691 | Zot:5    | Killed a Killer Klown
 81702 | Zot:5    | Noticed a Killer Klown
 81710 | Zot:5    | Killed a Killer Klown
 81722 | Zot:5    | Killed a Killer Klown
 81724 | Zot:5    | Killed a Killer Klown
 81742 | Zot:5    | Killed a Killer Klown
 81751 | Zot:5    | Noticed a Killer Klown
 81755 | Zot:5    | Gained mutation: Scrolls take you a little longer to read.
                  | [an orb of fire]
 81756 | Zot:5    | Killed a Killer Klown
 81759 | Zot:5    | Killed an orb of fire
 81766 | Zot:5    | Killed a Killer Klown
 82096 | Zot:5    | Found a transporter.
 82138 | Zot:5    | Found a transporter.
 82393 | Zot:5    | Lost mutation: Scrolls take you a little longer to read.
                  | [potion of mutation]
 82393 | Zot:5    | Lost mutation: You are somewhat resistant to both further
                  | mutation and mutation removal. [potion of mutation]
 82393 | Zot:5    | Gained mutation: Your spells are a little harder to cast,
                  | but a little more powerful. [potion of mutation]
 82393 | Zot:5    | Gained mutation: You have supernaturally acute eyesight.
                  | (SInv) [potion of mutation]
 82633 | Zot:5    | Got the Orb of Zot
 83524 | D:$      | Escaped with the Orb!

Illustrated notes

Levels and vault maps discovered:
D:1:      dpeg_arrival_prison, layout_loops_ring
D:2:      layout_rooms, uniq_sigmund
D:3:      layout_loops_ring, kennysheep_slug_shrine, uniq_jessica, uniq_robin,
          uniq_terence, uniq_grinder
D:4:      layout_loops_ring, serial_shops, nicolae_shop_crystal,
          nicolae_shop_statue_plus, shop, uniq_edmund
D:5:      layout_loops_cross, led_sif_book, roderic_serpentine_path,
          uniq_prince_ribbit1
D:6:      layout_basic, minmay_temple_entry_wispy, minmay_manual_macuahuitl,
          uniq_maggie
D:7:      layout_basic, kennysheep_nondescript, kennysheep_generic_room_10
D:8:      layout_cave_pools, okawaru_gym_becter, lair_entry_dummy, serial_bayou,
          serial_bayou_shore_b, serial_bayou_shore_a, serial_bayou_shore_b,
          serial_bayou_crossing, serial_bayou_ford_a, glass_columns_b
D:9:      layout_rooms, serial_shops, nicolae_shop_crystal, uniq_grum
D:10:     layout_gridville, enter_trove_2, uniq_harold
D:11:     layout_basic, erik_orc_4
D:12:     layout_loops_ring, grunt_dithmenos_shadows, uniq_nergalle,
          uniq_frances, uniq_nessos, uniq_josephine
D:13:     layout_loops_ring, david_vaults_2, special_room [special_room_bee]
D:14:     nzn_winding_woodlands_stair_cross [nzn_winding_woodlands_5x15_garden,
          nzn_winding_woodlands_center_diamonds,
          nzn_winding_woodlands_5x15_pool, nzn_winding_woodlands_5x5_three,
          nzn_winding_woodlands_5x5_open_star,
          nzn_winding_woodlands_5x15_split_checker,
          nzn_winding_woodlands_center_triple_pond,
          nzn_winding_woodlands_5x15_pathside_ponds], layout_loops_ring,
          uniq_azrael
D:15:     grunt_enter_depths_hoard, layout_rooms, hex_tiny,
          portal_ice_cave_entry_pillars_1, nemelex_altar_shiori, uniq_agnes
Temple:   regret_index_temple_chain_breaker
Lair:1:   layout_loops_ring, gammafunk_ghost_abyssal_escape,
          beast_lair_carwin_5, grunt_megastairs_3
Lair:2:   layout_regular_city, guppyfry_snake_entry_island, beast_lair_carwin_8,
          uniq_gastronok, uniq_sonja
Lair:3:   layout_long_grid
Lair:4:   layout_misc_corridors, minmay_shoals_entry_hut,
          infiniplex_staircase_pool_2
Lair:5:   layout_cave_pods, gammafunk_ghost_grave
Lair:6:   minmay_lair_end_enchanted_forest, layout_gridlike,
          minmay_slime_entry_oklob_enclosed, bh_autumn_forest_stairs,
          chequers_serial_rivers_room_b
Shoals:1: layout_shoals, nicolae_shoals_stone_sculpture_thing,
          hangedman_shoals_cup_caves
Shoals:2: layout_shoals, serial_shops, bzr_entry_safe
Shoals:3: layout_shoals, serial_shops, nicolae_shop_trees,
          nicolae_shoals_mertower, uniq_polyphemus
Shoals:4: shoals_end_grunt_garden, layout_shoals
Snake:1:  layout_grid_shapes, st_stairs_2, nicolae_barding_shop,
          serial_bayou_shore_b, uniq_aizul, uniq_rupert, uniq_jorgrun
Snake:2:  cheibrodos_toxic_ritual, layout_rooms, st_stairs_9,
          grunt_ministairs_11
Snake:3:  layout_basic, grunt_megastairs_2
Snake:4:  minmay_snake_end_coiled, layout_layer_cave
Slime:1:  cheibrodos_slime_lost_civilization_10, layout_caves
Slime:2:  layout_caves
Slime:3:  layout_caves, nicolae_slime_barrier
Slime:4:  layout_caves
Slime:5
Orc:1:    cheibrodos_orc_bank, layout_diamond_mine,
          ebering_ghost_reflecting_pool, enter_volcano_3
Orc:2:    grunt_orc_gardens, layout_diamond_mine, grunt_orc_garden,
          grunt_orc_garden, grunt_orc_garden, grunt_orc_garden, mines2_david
Elf:1:    layout_rooms, special_room [special_room_mythical_zoo],
          minmay_elf_annihilation, drop_trap, uniq_asterion
Elf:2:    layout_loops_ring, evilmike_ambush [evilmike_ambush_outer_basic,
          evilmike_ambush_inner_pond]
Elf:3:    grunt_elf_hall_branching, layout_loops_corners, minmay_shop_grove
Vaults:1: nicolae_vaults_big_ls, nicolae_vaults_arrows, v_misc_26, v_misc_13,
          dpeg_vaults_monster_box, vaults_mumra_minichess,
          ontoclasm_vaults_gateway, hangedman_vaults_cutoff, v_misc_25,
          nicolae_vaults_statue_guard, vaults_dpeg_diagonal,
          ontoclasm_vaults_ring_small, nicolae_vaults_ring_of_whatevers,
          nicolae_vaults_circle_grid_b, layout_vaults_maze_snakey, serial_shops,
          bzr_firewalk
Vaults:2: minmay_crypt_entry_simple_plaza, grunt_vaults_hallway_short,
          nicolae_vaults_little_squares_5,
          vaults_standard_mumra_enter_the_diamond, nicolae_vaults_network_s,
          v_rooms_2, v_misc_24, vaults_dpeg_encased_lava, v_misc_1,
          vaults_room_corners, vaults_room_ringed_pool, layout_vaults_big_room,
          serial_glass
Vaults:3: v_pattern_1, nicolae_vaults_inception_scallops,
          nicolae_vaults_circle_grid_b, v_misc_33, v_misc_28, v_rooms_3,
          nicolae_vaults_ninety_degrees, ontoclasm_vaults_idyll,
          vaults_mumra_lcd, ontoclasm_vaults_eye, layout_vaults_omnibox
Vaults:4: hangedman_vaults_unwind, hangedman_vaults_impose,
          nicolae_vaults_big_angled_halls, nicolae_vaults_ring_of_whatevers,
          minmay_guarded_unrand_secular_launcher, v_misc_22,
          nicolae_vaults_alarming, nicolae_vaults_theta,
          nicolae_vaults_angled_halls, v_misc_27, vaults_room_hallway,
          nicolae_vaults_network_quinsquares
          [nicolae_vaults_network_quincunx_subvault,
          nicolae_vaults_network_quincunx_subvault,
          nicolae_vaults_network_quincunx_subvault,
          nicolae_vaults_network_quincunx_subvault], v_misc_27,
          vaults_dpeg_ring, layout_vaults_omnicross
Depths:1: layout_honeycomb, abyss_entry_flame_altar, hell_entry,
          serial_bayou_lake_a
Depths:2: minmay_the_grid_square_5x5_4x4 [minmay_the_grid_square_5x5_n_small,
          minmay_the_grid_square_5x5_eight_small,
          minmay_the_grid_square_5x5_bridge,
          minmay_the_grid_square_5x5_misaligned,
          minmay_the_grid_square_5x5_three,
          minmay_the_grid_square_5x5_prize_gold,
          minmay_the_grid_square_5x5_prize_pseudospiral,
          minmay_the_grid_square_5x5_plus,
          minmay_the_grid_square_5x5_half_checkered,
          minmay_the_grid_square_5x5_prize_snowflake,
          minmay_the_grid_square_5x5_prize_junk,
          minmay_the_grid_square_5x5_six_small,
          minmay_the_grid_square_5x5_empty,
          minmay_the_grid_square_5x5_minivault,
          minmay_the_grid_square_5x5_two_walls_b,
          minmay_the_grid_square_5x5_doubleslash], layout_gridlike,
          pf_coc_iceberg, grunt_decor_cap, uniq_bai_suzhen
Depths:3: kennysheep_bubble_arena, layout_gridlike, enter_ziggurat_c,
          kennysheep_pointless_box, pan_entry, grunt_mini_vestibule,
          serial_shops, shop, infiniplex_staircase_pillars_2
Depths:4: constructs_gauntlet_mu_hangedman, layout_long_grid,
          grunt_hell_entry_dis_mu, abyss_entry, minmay_parallelograms,
          infiniplex_staircase_spiral_double, firewood_loft
Depths:5: grunt_x_marks_the_spot, layout_honeycomb, grunt_pan_entry_sceptre,
          hell_entry, serial_bayou_shore_b
Zot:1:    layout_basic
Zot:2:    gammafunk_dig_for_victory, layout_concentric_octagons,
          gammafunk_ghost_berserking_beasts
Zot:3:    grunt_twist_and_shout, layout_concentric_octagons, zot_minivault_4
Zot:4:    lemuel_acid_trip, layout_concentric_octagons,
          ebering_ghost_reflecting_pool, hangedman_zot_wheel_spokes,
          nzn_random_ring
Zot:5:    layout_onion, gammafunk_ghost_berserking_beasts

Skill      XL: |  1  2  3  4  5  6  7  8  9 10 11 12 13 14 15 16 17 18 19 20 21 22 23 24 25 26 27 |
---------------+----------------------------------------------------------------------------------+-----
Slings         | 6 8 9 10 11 13 15 17 18 20 21 22 24 25 26 27 | 27.0
Fighting       | 2 3 4 5 6 7 8 9 10 11 12 13 14 15 16 17 18 19 22 | 22.0
Dodging        | 3 4 5 7 8 10 11 12 13 14 15 16 17 21 | 21.3
Armour         | 2 4 5 7 9 10 11 12 13 14 15 16 17 18 22 | 22.1
Shields        | 1 5 8 11 13 14 15 16 17 21 | 21.1
Invocations    | 1 4 6 8 10 11 12 13 14 15 16 17 18 19 22 | 22.8
Short Blades   | 1 5 7 9 10 12 13 14 | 14.0
Stealth        | |  1.1

Action                   |  1- 3 |  4- 6 |  7- 9 | 10-12 | 13-15 | 16-18 | 19-21 | 22-24 | 25-27 || total
-------------------------+-------+-------+-------+-------+-------+-------+-------+-------+-------++-------
Melee: Short sword       |    22 |    34 |    61 |    23 |       |       |       |       |       ||   140
       Rapier            |       |       |       |    73 |       |    79 |       |     6 |    56 ||   214
       Hunting sling     |       |       |       |       |     3 |       |       |       |       ||     3
 Fire: Hunting sling     |   102 |   149 |   338 |   739 |  1339 |  1971 |  2176 |  1110 |       ||  7924
       Fustibalus        |       |       |       |       |       |       |       |   800 |  3286 ||  4086
Throw: Stone             |     7 |       |       |       |       |       |       |       |       ||     7
       Dart              |       |       |       |     8 |     3 |    12 |       |     1 |       ||    24
Invok: Purification      |       |       |       |     2 |     3 |     1 |     4 |     2 |     5 ||    17
       Lesser Healing    |       |       |       |     1 |       |       |       |       |       ||     1
       Heal Other        |       |       |       |       |     2 |     5 |     3 |     5 |    10 ||    25
       Greater Healing   |       |       |       |       |       |     2 |     6 |     4 |     4 ||    16
       Divine Vigour     |       |       |       |       |       |       |       |       |     4 ||     4
 Abil: Evoke Flight      |       |       |       |       |       |       |       |       |     2 ||     2
Evoke: Wand              |       |       |       |       |       |     5 |     2 |     4 |     9 ||    20
  Use: Potion            |     1 |     1 |       |       |       |       |       |     3 |    12 ||    17
       Scroll            |     1 |     6 |     8 |     9 |     6 |    10 |    14 |    20 |    20 ||    94
Armor: Leather armour    |     9 |     7 |       |       |       |       |       |       |       ||    16
       Skin              |     4 |     4 |       |       |       |       |       |       |       ||     8
       Ring mail         |       |       |     1 |       |       |       |       |       |       ||     1
       Chain mail        |       |       |    41 |   112 |    96 |   287 |   228 |   120 |       ||   884
       Plate armour      |       |       |       |       |       |       |       |    26 |   446 ||   472
Dodge: Dodged            |    28 |    52 |    79 |   193 |   189 |   546 |   460 |   432 |  1314 ||  3293
Block: Buckler           |       |     8 |    25 |   121 |   111 |   256 |   241 |   330 |   949 ||  2041
       Reflection        |       |       |       |       |       |       |       |    91 |   128 ||   219

Table legend: (Time is in decaauts)
 A = Elapsed time spent in this place.
 B = Non-inter-level travel time spent in this place.
 C = Inter-level travel time spent in this place.
 D = Time resting spent in this place.
 E = Time spent auto-exploring this place.
 F = Levels seen in this place.
 G = Mean time per level.
                   A        B        C        D        E       F      G
               +--------+--------+--------+--------+--------+-----+--------+
         Total |  80127 |  70958 |   9169 |   6945 |  45400 |  60 | 1335.4 |
       Dungeon |  18244 |  15009 |   3235 |    804 |  10948 |  15 | 1216.3 |
        Temple |    141 |    127 |     14 |      0 |    122 |   1 |  141.0 |
          Lair |   8686 |   7070 |   1616 |   1176 |   4251 |   6 | 1447.7 |
        Shoals |   7232 |   6089 |   1143 |    257 |   4210 |   4 | 1808.0 |
     Snake Pit |   6354 |   6096 |    258 |    490 |   3848 |   4 | 1588.5 |
    Slime Pits |   4817 |   4559 |    258 |   1277 |   1955 |   5 |  963.4 |
  Orcish Mines |   2160 |   1733 |    427 |      8 |   1079 |   2 | 1080.0 |
   Elven Halls |   5178 |   4840 |    338 |    352 |   3196 |   3 | 1726.0 |
        Vaults |   6877 |   6450 |    427 |    257 |   4084 |   4 | 1719.2 |
        Depths |   8281 |   7438 |    843 |    459 |   5372 |   5 | 1656.2 |
           Zot |   9956 |   9350 |    606 |   1672 |   5746 |   5 | 1991.2 |
         Abyss |    987 |    987 |      0 |     60 |     42 |   2 |  493.5 |
        Bazaar |    189 |    189 |      0 |      0 |     69 |   2 |   94.5 |
      Ice Cave |    717 |    717 |      0 |    132 |    272 |   1 |  717.0 |
       Volcano |    299 |    299 |      0 |      0 |    204 |   1 |  299.0 |
               +--------+--------+--------+--------+--------+-----+--------+

Top non-repeatable levels by time:
   Zot:4: 2925 daAuts
   Zot:3: 2288 daAuts
 Snake:4: 2254 daAuts
Shoals:3: 2193 daAuts
Vaults:1: 2043 daAuts
  Lair:2: 2000 daAuts
Shoals:4: 1918 daAuts
Depths:5: 1899 daAuts
   Elf:3: 1896 daAuts
  Lair:4: 1847 daAuts
   Zot:1: 1806 daAuts
Shoals:1: 1792 daAuts
Depths:4: 1780 daAuts
Vaults:4: 1753 daAuts
   Elf:2: 1733 daAuts
